 Dungeon Crawl Stone Soup version 0.30-a0-540-g0af01429fa (webtiles) character file.

Game seed: 9070595424927267089

3445 Thepossum the Carver (level 9, -3/68 HPs)
             Began as a Demonspawn Fighter on Dec 25, 2022.
             Was a High Priest of Jiyva.
             Slain by a sixfirhy (6 damage)
             ... on level 7 of the Dungeon.
             The game lasted 00:20:54 (5607 turns).

Thepossum the Carver (Demonspawn Fighter)           Turns: 5607, Time: 00:20:54

Health: -3/68      AC: 15    Str: 20    XL:     9   Next: 77%
Magic:  9/9        EV: 12    Int: 10    God:    Jiyva [*****.]
Gold:   226        SH:  0    Dex: 13    Spells: 8/8 levels left

rFire   + + +      SeeInvis +    r - +2 great sword (drain)
rCold   . . .      Faith    .    (shield currently unavailable)
rNeg    . . .      Spirit   .    y - +0 swamp dragon scales
rPois   +          Reflect  .    (helmet restricted)
rElec   .          Harm     .    l - +0 cloak
rCorr   +          Rampage  .    (no gloves)
Will    .....                    s - +0 pair of boots
Stlth   +                        (no amulet)
HPRegen 1.75/turn                p - ring of protection from fire
MPRegen 0.56/turn                (no ring)

@: confused, mighty, ambrosia-drunk, attractive, flying
A: antennae 1, claws 2, icemail 1, condensation shield, demonic magic 1, see
invisible, fire resistance 3, acidic bite, eyeballs 2
a: Renounce Religion, Oozemancy, Slimify


You were on level 7 of the Dungeon.
You worshipped Jiyva.
Jiyva was extremely pleased with you.
You visited 1 branch of the dungeon, and saw 7 of its levels.

You collected 226 gold pieces.

Inventory:

Hand Weapons
 a - a +0 long sword
 r - a +2 great sword of draining (weapon)
Armour
 c - a +0 buckler
 l - a +0 cloak (worn)
 s - a +0 pair of boots (worn)
 y - +0 swamp dragon scales (worn)
Jewellery
 p - a ring of protection from fire (left claw)
Wands
 t - a wand of iceblast (4)
 u - a wand of paralysis (1)
Scrolls
 b - a scroll of enchant armour {unknown}
 d - a scroll of noise {unknown}
 e - a scroll of silence {unknown}
 g - 3 scrolls of vulnerability
 i - 2 scrolls of magic mapping
 j - a scroll of enchant weapon {unknown}
 v - 2 scrolls of amnesia
Potions
 f - a potion of resistance {unknown}
 k - 2 potions of flight
 m - 4 potions of attraction
 q - a potion of curing {unknown}
 x - a potion of heal wounds {unknown}


   Skills:
 + Level 5.3 Fighting
 + Level 9.2 Long Blades
 + Level 5.4 Armour
 + Level 3.1 Dodging
 + Level 4.0 Stealth
 + Level 4.9 Shields
 + Level 0.7 Evocations


You had 8 spell levels left.
You didn't know any spells.
Your spell library contained the following spells:

 Spells                   Type           Power      Damage    Failure   Level
 Kiss of Death            Conj/Necr      0%         2d5       52%         1
 Confusing Touch          Hex            0%         N/A       88%         3
 Inner Flame              Hex/Fire       0%         N/A       88%         3
 Cause Fear               Hex            0%         N/A       99%         4
 Dispel Undead            Necr           0%         3d6       99%         4
 Discord                  Hex            0%         N/A       100%        8


Dungeon Overview and Level Annotations

Branches:
Dungeon (7/15)             Temple (0/1) D:6

Altars:
Qazlal
Trog
Vehumet
Xom
Jiyva


Innate Abilities, Weirdness & Mutations

You have a pair of small antennae on your head.
You have very sharp fingernails.
A meltable icy envelope protects you from harm. (AC +4)
A meltable shield of frost defends you. (SH +4)
Spells you cast may paralyse adjacent enemies.
You have supernaturally acute eyesight. (SInv)
Your flesh is almost immune to the effects of heat. (rF+++)
You have acidic saliva.
Your body has grown many eyes which may confuse attackers. (Acc +5)


Message History

There is a stone staircase leading down here.
You climb downwards.
There is a stone staircase leading up here.
There is a stone staircase leading down here.
You climb downwards.
Level annotation: 1 runed translucent door
There is a stone staircase leading up here.
As you read the scroll labelled WOKIXEM FYPAG, it crumbles to dust.
It is a scroll of identify.
g - 3 scrolls of vulnerability
As you read the scroll of identify, it crumbles to dust.
i - 2 scrolls of magic mapping
As you read the scroll of identify, it crumbles to dust.
v - 2 scrolls of amnesia You open the door.
The sixfirhy hits you. The sixfirhy shocks you!
There is an open translucent door, spattered with blood here.
You barely miss the sixfirhy. The sixfirhy hits you! The sixfirhy shocks you!
The sixfirhy hits you but does no damage.
The sixfirhy hits you. The sixfirhy shocks you!
The sixfirhy hits you but does no damage. x2
You are too injured to fight recklessly!
You are too injured to fight recklessly!
You feel very mighty all of a sudden. The sixfirhy hits you.
The sixfirhy shocks you!
* * * LOW HITPOINT WARNING * * *
The sixfirhy misses you.
It was a potion of flight.
You feel very buoyant.
You fly up into the air.
It was a potion of attraction.
You feel attractive to monsters.
It was a potion of ambrosia.
You are confused.
You feel invigorated. The sixfirhy hits you!
* * * LOW HITPOINT WARNING * * *
The sixfirhy shocks you!
* * * LOW HITPOINT WARNING * * *
The sixfirhy hits you.
You die...

.# #.# ###..### #..# .#
#.#######..######..#
.###......##.........>#
....)..........#####.##
.########.###..# #.#
..##......###..#####.#
.....................#
..##.#########..###..#
..##.# #..@3#..# #.##.#
#..###.## ..##.#
#......# # ####.#
#.####.# # #.# #.#
##.## ### ##.##
#.###.#.## #.. ##...##
#.##.###.## #.#
##.....## #.#.## ##.##
#†# #.......## #..##
##.# #.#


You could see a sixfirhy.

Vanquished Creatures
  Maggie (D:6)
  The ghost of ojifijod the Nimble, a novice SpGl (D:4)
  A hornet (D:7)
  Grinder (D:4)
  Sigmund (D:3)
  A wyvern (D:7)
  Menkaure (D:4)
  A black bear (D:5)
  An ice beast (D:6)
  3 ogres (D:5)
  A phantom (D:3)
  A kobold brigand (D:7)
  Blork the orc (D:4)
  3 bullfrogs (D:7)
  6 scorpions
  6 killer bees (D:7)
  3 howler monkeys (D:7)
  7 hounds
  Natasha (D:2)
  5 orc wizards
  9 adders
  A gnoll (D:3)
  A shadow imp (D:7)
  3 white imps
  2 dart slugs
  17 orcs
  An endoplasm (D:1)
  3 giant cockroaches
  7 goblins
  5 hobgoblins
  4 jackals
  3 quokkas
  6 ball pythons
  7 bats
  4 frilled lizards
  9 kobolds
  7 rats
135 creatures vanquished.

Vanquished Creatures (others)
  A scorpion (D:6)
  A hound (D:4)
  8 jellies
  Ijyb (D:4)
  An iguana (D:7)
  An adder (D:2)
  A dart slug (D:4)
  3 orcs (D:4)
  A ball python (D:3)
  2 hobgoblins (D:4)
  3 jackals (D:4)
  A frilled lizard (D:3)
  A rat (D:3)
  A plant (D:4)
26 creatures vanquished.

Grand Total: 161 creatures vanquished

Notes
Turn   | Place    | Note
-------+----------+-------------------------------------------
     0 | D:1      | Thepossum the Demonspawn Fighter began the quest for the
                  | Orb.
     0 | D:1      | Reached XP level 1. HP: 18/18 MP: 1/1
   129 | D:1      | Gained mutation: A meltable shield of frost defends you.
                  | (SH +4) [demonic ancestry]
   129 | D:1      | Reached XP level 2. HP: 22/24 MP: 2/2
   209 | D:1      | Reached skill level 2 in Long Blades
   289 | D:1      | Found a faded altar of an unknown god.
   333 | D:1      | Gained mutation: A meltable icy envelope protects you from
                  | harm. (AC +4) [demonic ancestry]
   333 | D:1      | Reached XP level 3. HP: 29/29 MP: 3/3
   358 | D:1      | Prayed at the altar of an unknown god.
   358 | D:1      | Became a worshipper of Jiyva Jostil the Shapeless
   358 | D:1      | Reached * piety under Jiyva
   613 | D:2      | Noticed Natasha
   622 | D:2      | Killed Natasha
   766 | D:2      | Reached XP level 4. HP: 35/35 MP: 4/4
   901 | D:2      | Reached ** piety under Jiyva
  1353 | D:3      | Noticed Sigmund
  1372 | D:3      | Killed Sigmund
  1373 | D:3      | Reached skill level 3 in Long Blades
  1373 | D:3      | Reached skill level 1 in Dodging
  1373 | D:3      | Reached XP level 5. HP: 23/41 MP: 5/5
  1373 | D:3      | Discovered your monstrous ancestry.
  1373 | D:3      | Gained mutation: You have sharp fingernails. [demonic
                  | ancestry]
  1373 | D:3      | Reached XP level 6. HP: 27/47 MP: 6/6
  1821 | D:3      | Found a bloodstained altar of Trog.
  1964 | D:4      | Noticed Grinder
  1965 | D:4      | Noticed Blork the orc
  1986 | D:3      | Reached skill level 4 in Long Blades
  2047 | D:5      | Entered Level 5 of the Dungeon
  2192 | D:5      | Reached *** piety under Jiyva
  2192 | D:5      | Gained mutation: Your body has grown eyes which may confuse
                  | attackers. (Acc +3) [Jiyva's grace]
  2192 | D:5      | Gained mutation: Your body has grown many eyes which may
                  | confuse attackers. (Acc +5) [Jiyva's grace]
  2192 | D:5      | Gained mutation: Your body is covered in eyes which may
                  | confuse attackers. (Acc +7, SInv) [Jiyva's grace]
  2192 | D:5      | Gained mutation: You have acidic saliva. [Jiyva's grace]
  2347 | D:5      | Gained mutation: You have a pair of small antennae on your
                  | head. [demonic ancestry]
  2347 | D:5      | Reached XP level 7. HP: 42/53 MP: 7/7
  2402 | D:5      | Reached skill level 1 in Stealth
  2444 | D:5      | Reached skill level 5 in Long Blades
  2969 | D:4      | Noticed Menkaure
  2977 | D:4      | Gained mutation: You have very sharp fingernails. [demonic
                  | ancestry]
  2977 | D:4      | Reached XP level 8. HP: 60/60 MP: 8/8
  2983 | D:4      | Killed Menkaure
  2995 | D:4      | Killed Ijyb
  3084 | D:4      | Reached **** piety under Jiyva
  3188 | D:4      | Found a shimmering altar of Xom.
  3189 | D:4      | Found a stormy altar of Qazlal.
  3204 | D:4      | Killed Grinder
  3205 | D:4      | Reached skill level 6 in Long Blades
  3205 | D:4      | Reached skill level 5 in Armour
  3275 | D:4      | Killed Blork the orc
  3288 | D:4      | Found a runed translucent door.
  3289 | D:4      | Found a radiant altar of Vehumet.
  3504 | D:4      | Noticed ojifijod's ghost (novice SpGl)
  3762 | D:6      | Lost mutation: Your body is covered in eyes which may
                  | confuse attackers. (Acc +7, SInv) [Jiyva's grace]
  3762 | D:6      | Gained mutation: Your flesh is heat resistant. (rF+)
                  | [Jiyva's grace]
  3762 | D:6      | Gained mutation: Your flesh is very heat resistant. (rF++)
                  | [Jiyva's grace]
  3762 | D:6      | Gained mutation: Your flesh is almost immune to the effects
                  | of heat. (rF+++) [Jiyva's grace]
  3762 | D:6      | Gained mutation: You have supernaturally acute eyesight.
                  | (SInv) [Jiyva's grace]
  3767 | D:6      | Reached ***** piety under Jiyva
  4023 | D:6      | Noticed Maggie
  4033 | D:6      | Killed Maggie
  4034 | D:6      | Reached skill level 7 in Long Blades
  4034 | D:6      | Gained mutation: Spells you cast may paralyse adjacent
                  | enemies. [demonic ancestry]
  4034 | D:6      | Reached XP level 9. HP: 67/67 MP: 9/9
  4224 | D:6      | Found a staircase to the Ecumenical Temple.
  4428 | D:7      | Reached skill level 5 in Fighting
  4465 | D:7      | Reached skill level 8 in Long Blades
  4482 | D:7      | Found a runed translucent door.
  4482 | D:7      | Noticed a sixfirhy
  5480 | D:4      | Killed ojifijod's ghost
  5481 | D:4      | Reached skill level 9 in Long Blades
  5607 | D:7      | HP: 3/68 [sixfirhy (9)]
  5607 | D:7      | Slain by a sixfirhy

Illustrated notes

Levels and vault maps discovered:
D:1:      minmay_arrival_jagged, layout_rooms,
          shapermc_ecumenical_altar_notcrosses, minmay_tiny_reverse_x
D:2:      layout_basic, uniq_natasha
D:3:      layout_loops_ring, lemuel_tele_altar, st_stairs_3,
          saegor_snake_ambush, uniq_sigmund
D:4:      layout_gridville, gammafunk_temple_overflow_forgotten,
          ebering_ghost_sewer_d, uniq_ijyb, uniq_menkaure, uniq_grinder,
          uniq_blork_the_orc
D:5:      layout_loops_ring, eino_small_chamber_without_monster,
          nrook_mini_vaults, chequers_serial_rivers_marsh, minmay_bent
D:6:      layout_cave_pods, temple_green, kennysheep_cross_bottleneck,
          grunt_ministairs_13, uniq_maggie
D:7:      cheibrodos_shockbox, layout_loops_ring

Skill      XL: |  1  2  3  4  5  6  7  8  9 |
---------------+----------------------------+-----
Armour         | 3 4 5 |  5.4
Long Blades    | 2 3 4 5 7 9 |  9.2
Shields        | 3 4 |  4.9
Dodging        | 1 2 3 |  3.1
Stealth        | 2 3 4 |  4.0
Fighting       | 4 5 |  5.3
Evocations     | |  0.7

Action                   |  1- 3 |  4- 6 |  7- 9 || total
-------------------------+-------+-------+-------++-------
Melee: Long sword        |    91 |   145 |   127 ||   363
       Bite              |       |     2 |    40 ||    42
       Great sword       |       |       |   192 ||   192
Evoke: Wand              |       |       |     4 ||     4
  Use: Potion            |       |     1 |     4 ||     5
       Scroll            |       |       |     3 ||     3
 Stab: Confused          |       |     1 |    15 ||    16
       Paralysed         |       |       |     3 ||     3
Armor: Scale mail        |    58 |    63 |    65 ||   186
       Swamp dragon scal |       |       |    89 ||    89
Dodge: Dodged            |    46 |    71 |   134 ||   251
Block: Buckler           |    37 |    84 |    45 ||   166
       Other             |       |       |    35 ||    35

Table legend: (Time is in decaauts)
 A = Elapsed time spent in this place.
 B = Non-inter-level travel time spent in this place.
 C = Inter-level travel time spent in this place.
 D = Time resting spent in this place.
 E = Time spent auto-exploring this place.
 F = Levels seen in this place.
 G = Mean time per level.
                   A        B        C        D        E       F      G
               +--------+--------+--------+--------+--------+-----+--------+
         Total |   5796 |   5212 |    584 |     48 |   3872 |   7 |  828.0 |
       Dungeon |   5796 |   5212 |    584 |     48 |   3872 |   7 |  828.0 |
               +--------+--------+--------+--------+--------+-----+--------+

Top non-repeatable levels by time:
     D:6: 1063 daAuts
     D:5: 941 daAuts
     D:4: 920 daAuts
     D:3: 907 daAuts
     D:7: 819 daAuts
     D:2: 645 daAuts
     D:1: 499 daAuts
